 Dungeon Crawl Stone Soup version 0.31.0-1-g2c135a008e (webtiles) character file.

Game seed: 4441215335046728779

70 qw the Shooter (level 4, -2/35 HPs)
             Began as a Djinni Hunter on Jan 23, 2024.
             Slain by a gnoll
             ... wielding a +0 spear
              (4 damage)
             ... on level 3 of the Dungeon.
             The game lasted 00:00:05 (1371 turns).

qw the Shooter (Djinni Hunter)                      Turns: 1371, Time: 00:00:05

Health: -2/35      AC:  5    Str: 10    XL:     4   Next: 45%
Gold:   134        EV: 11    Int: 10    God:
                   SH:  5    Dex: 19

rFire   + + +        a - +0 shortbow
rCold   x . .        (shield currently unavailable)
rNeg    . . .        g - +0 ring mail
rPois   inf          (no helmet)
rElec   .            (no cloak)
rCorr   .            (no gloves)
SInv    .            (boots unavailable)
Will    .....        d - amulet of reflection
Stlth   +            f - ring of protection from fire
HPRegen 0.25/turn    (no ring)
MPRegen 0.00/turn

%: reflection, infuse magic (-3 HP)
@: flying
A: sickness immunity, fire resistance 2, cold vulnerability 1, float, innate
caster, HP casting, extra vitality 1
a: no special abilities


You were on level 3 of the Dungeon.
You visited 1 branch of the dungeon, and saw 3 of its levels.

You collected 134 gold pieces.


Innate Abilities, Weirdness & Mutations

You are immune to sickness and miasma.
You are immune to poison.
Your flesh is very heat resistant. (rF++)
You are vulnerable to cold. (rC-)
You float through the air rather than walking.
You learn spells naturally, not from books.
Your magical power is your life essence.
You have superior vitality. (+4 MHP)


   Skills:
 - Level 3.0 Fighting
 + Level 4.0 Ranged Weapons
 - Level 1.2 Armour
 - Level 2.1 Dodging
 - Level 0.7 Stealth


You knew the following spells:

 Your Spells              Type           Power      Damage    Failure   Level
a - Shock                 Conj/Air       0%         1d3       67%         1
Your spell library was empty.

Inventory:

Hand Weapons
 a - a +0 shortbow (weapon)
Armour
 g - a +0 ring mail (worn)
Jewellery
 d - an amulet of reflection (around neck)
 f - a ring of protection from fire (left hand)
Potions
 c - a potion of degeneration {unknown}
 e - a potion of might {unknown}
 h - a potion of ambrosia {unknown}
 k - a potion of brilliance {unknown}

Dungeon Overview and Level Annotations

Branches:
Dungeon (3/15)

Altars:


Message History

The air fills with toxic fumes!
As you read the scroll labelled UCSUEH JOLOPP, it crumbles to dust.
It was a scroll of poison.
Done exploring.
1352 ||| DROPPING potion of attraction.
You drop a potion of attraction.
Done exploring.
What level of the Dungeon? (default 2, ? - help)
There is a stone staircase leading down here.
You fly downwards.
Found a leather armour.
There is a stone staircase leading up here.
A gnoll is nearby!
Waypoint 2 assigned to D:3.
You shoot an arrow. The arrow hits the gnoll.
The gnoll is moderately wounded.
You hear a shout! x2
You shoot an arrow. The arrow hits the gnoll!
You kill the gnoll!
Your Fighting skill increases to level 3! 3 gnolls come into view.
Found a stone staircase leading down.
The gnoll shouts! x3
The gnoll moves out of view.
You shoot an arrow. The arrow hits the gnoll.
The gnoll is lightly wounded.
You block the gnoll's attack. The gnoll barely misses you.
You shoot an arrow. The arrow hits the gnoll.
The gnoll is heavily wounded.
The gnoll hits you from afar with a +0 spear.
You shoot an arrow. The arrow hits the gnoll.
The gnoll is heavily wounded.
The gnoll hits you from afar with a +0 spear.
The gnoll hits you with a +0 flail!
You shoot an arrow. The arrow closely misses the gnoll.
You block the gnoll's attack. The gnoll barely misses you.
The gnoll hits you with a +0 flail! The gnoll hits you with a +0 flail.
The gnoll hits you from afar with a +0 spear.
The gnoll hits you but does no damage.
You shoot an arrow. The arrow closely misses the gnoll.
The gnoll hits you from afar with a +0 spear.
You die...

####### #.....
..... #... #g.
##g## ####
##g@)##..[##
###..........##
........<.......
................#
>#.#............#
# ##..........##
##...##...##
##.## .### #. .#


You could see 3 gnolls.

Vanquished Creatures
  An adder (D:2)
  A gnoll (D:3)
  A dart slug (D:1)
  3 ribbon worms (D:2)
  5 endoplasms
  2 giant cockroaches
  5 goblins
  5 hobgoblins (D:1)
  A quokka (D:1)
  A ball python (D:1)
  3 bats (D:1)
  4 frilled lizards
  5 kobolds
  6 rats
43 creatures vanquished.

Notes
Turn   | Place    | Note
-------+----------+-------------------------------------------
     0 | D:1      | qw the Djinni Hunter began the quest for the Orb.
     0 | D:1      | Reached XP level 1. HP: 18/18 MP: 0/0
     0 | D:1      | 0 ||| qw: Version: 0.3-a-136-gdd3b4e8
     0 | D:1      | 0 ||| qw: Game counter: 1164
     0 | D:1      | 0 ||| qw: Melee chars always use a shield: true
     0 | D:1      | 0 ||| qw: God list: Okawaru
     0 | D:1      | 0 ||| qw: Allow faded altars: false
     0 | D:1      | 0 ||| qw: Do Orc after clearing Dungeon:15 true
     0 | D:1      | 0 ||| qw: Do second Lair branch before Depths: true
     0 | D:1      | 0 ||| qw: Lair rune preference: random
     0 | D:1      | 0 ||| qw: Goals: Normal
     0 | D:1      | 0 ||| PLANNING D:1-11
    45 | D:1      | Reached XP level 2. HP: 17/23 MP: 0/0
   261 | D:1      | Found a faded altar of an unknown god.
   306 | D:1      | Reached skill level 4 in Ranged Weapons
   306 | D:1      | Reached XP level 3. HP: 28/28 MP: 0/0
   306 | D:1      | Learned a level 1 spell: Shock
   772 | D:1      | 772 ||| UPGRADING to +0 ring mail.
   782 | D:1      | 782 ||| DROPPING +0 leather armour.
   783 | D:1      | 783 ||| UPGRADING to amulet of reflection.
   788 | D:1      | 788 ||| UPGRADING to ring of protection from fire.
   789 | D:1      | 789 ||| DROPPING scroll of butterflies.
  1007 | D:2      | Reached skill level 1 in Armour
  1007 | D:2      | Reached XP level 4. HP: 33/34 MP: 0/0
  1350 | D:2      | 1350 ||| READING scroll labelled RAUSHO VOIMAN.
  1350 | D:2      | 1350 ||| IDENTIFYING fizzy silvery potion
  1351 | D:2      | 1351 ||| READING scroll labelled UCSUEH JOLOPP.
  1352 | D:2      | 1352 ||| DROPPING potion of attraction.
  1365 | D:3      | Reached skill level 3 in Fighting
  1370 | D:3      | HP: 8/35 [gnoll/+0 flail (4)]
  1370 | D:3      | HP: 2/35 [gnoll/+0 spear (6)]
  1371 | D:3      | Slain by a gnoll

Levels and vault maps discovered:
D:1:      eino_arrival_water_star, layout_loops_ring,
          hellmonk_ecumenical_altar_lost_god, eino_curves_03,
          amcnicky_mini_corridor_feature, minmay_misc_feat_nine_boxes,
          corexii_corridor_pit, minmay_gold_behind_fungi
D:2:      layout_rooms
D:3:      layout_rooms, dreamdust_wishing_well, minivault_11,
          minmay_misc_feat_rows

Skill      XL: |  1  2  3  4 |
---------------+-------------+-----
Ranged Weapons | 4 |  4.0
Armour         | 1 |  1.2
Fighting       | 3 |  3.0
Dodging        | |  2.1
Stealth        | |  0.7

Action                     |  1- 3 |  4- 6 || total
---------------------------+-------+-------++-------
   Fire: Shortbow          |    90 |    37 ||   127
    Use: Scroll            |       |     2 ||     2
 Armour: Leather armour    |    10 |       ||    10
         Ring mail         |     3 |    13 ||    16
  Dodge: Dodged            |    14 |     6 ||    20
  Block: Other             |     3 |     3 ||     6

Table legend:
 A = Non-vault XP
 B = Vault XP
 C = Vault XP percentage of total XP
 D = Non-vault monster count
 E = Vault monster count
 F = Vault count percentage of total count
                 A         B        C        D         E       F
            +---------+---------+-------+---------+---------+-------
      Total |     101 |       0 |   0.0 |      43 |       0 |   0.0
            +---------+---------+-------+---------+---------+-------
        D:1 |      48 |       0 |   0.0 |      30 |       0 |   0.0
        D:2 |      39 |       0 |   0.0 |      12 |       0 |   0.0
        D:3 |      14 |       0 |   0.0 |       1 |       0 |   0.0
            +---------+---------+-------+---------+---------+-------
